 Dungeon Crawl Stone Soup version 0.30.1-9-gdf580d7c3d (webtiles) character file.

Game seed: 17406902236498155169

170 Wiggles the Chopper (level 5, 0/47 HPs)
             Began as a Minotaur Berserker on Oct 12, 2023.
             Was a Believer of Trog.
             Killed by nerve-wracking pain
             ... invoked by an orc priest
              (8 damage)
             ... on level 4 of the Dungeon.
             The game lasted 00:03:34 (2363 turns).

Wiggles the Chopper (Minotaur Berserker)            Turns: 2363, Time: 00:03:35

Health: 0/47       AC:  8    Str: 23    XL:     5   Next: 26%
Magic:  4/4        EV: 11    Int:  4    God:    Trog [**....]
Gold:   205        SH:  0    Dex: 10    Spells: 4/4 levels left

rFire   . . .        a - +0 hand axe
rCold   . . .        (no shield)
rNeg    . . .        g - +0 scale mail
rPois   .            (helmet restricted)
rElec   .            (no cloak)
rCorr   .            (no gloves)
SInv    .            b - +0 pair of boots
Will    .....        (no amulet) Stlth
                     (no ring)
HPRegen 0.27/turn    (no ring)
MPRegen 0.09/turn

%: no passive effects
@: on berserk cooldown, slowed, very slow
A: horns 2, retaliatory headbutt
a: Renounce Religion, Berserk, Trog's Hand


You were on level 4 of the Dungeon.
You worshipped Trog.
Trog was pleased with you.
You visited 1 branch of the dungeon, and saw 4 of its levels.

You collected 205 gold pieces.

Inventory:

Hand Weapons
 a - a +0 hand axe (weapon)
Armour
 b - a +0 pair of boots (worn)
 g - a +0 scale mail (worn)
Scrolls
 d - 2 scrolls of enchant armour {unknown}
 e - 2 scrolls of blinking {unknown}
 h - a scroll of identify {unknown}
 i - a scroll of noise {unknown}
 j - a scroll of brand weapon {unknown}
 k - a scroll of fog {unknown}
Potions
 c - a potion of heal wounds {unknown}
 f - a potion of mutation {unknown}


   Skills:
 + Level 4.7 Fighting
 + Level 5.2 Axes
 + Level 3.4 Armour
 + Level 3.2 Dodging
 + Level 0.5 Stealth


You had 4 spell levels left.
You didn't know any spells.
Your spell library was empty.

Dungeon Overview and Level Annotations

Branches:
Dungeon (4/15)
 Temple: D:4-7

Altars:
Nemelex Xobeh
Okawaru
Trog

Shops:
D:1 *


Innate Abilities, Weirdness & Mutations

You have a pair of horns on your head.
You reflexively headbutt those who attack you in melee.


Message History

You are exhausted.
You feel yourself slow down. The adder bites you.
You are poisoned.
The adder poisons you! The orc priest barely misses you.
You hit the gnoll. You headbutt the gnoll.
The gnoll is moderately wounded.
You slash the adder!
You kill the adder!
Trog accepts your kill.
You feel sick. The gnoll barely misses you.
The orc priest begins to cast a cantrip, but forgets the words!
The orc priest hits you but does no damage.
The gnoll hits you with a +0 club.
You hit the gnoll.
The gnoll is heavily wounded.
You feel sick. The gnoll hits you with a +0 club.
The orc priest begins to cast a cantrip, but forgets the words!
You closely miss the gnoll.
The gnoll is heavily wounded.
You feel sick. The gnoll hits you with a +0 club.
* * * LOW HITPOINT WARNING * * *
The orc priest hits you from afar with a +0 trident.
* * * LOW HITPOINT WARNING * * *
The orc priest closely misses you. The gnoll hits you with a +0 club.
* * * LOW HITPOINT WARNING * * *
You closely miss the gnoll. You headbutt the gnoll.
The gnoll is severely wounded.
You feel sick.
You are no longer poisoned.
The orc priest barely misses you. The gnoll barely misses you.
You furiously retaliate!
You headbutt the gnoll!
You kill the gnoll!
Trog accepts your kill.
The orc priest hits you but does no damage.
The orc priest barely misses you. You furiously retaliate!
You headbutt the orc priest.
Items here: (( ))) [ †.
The orc priest mumbles some strange prayers to Beogh against you.
Pain shoots through your body!
You die...

#≈..# #≈≈..#
#####≈≈..####
#≈≈≈≈≈......#
#≈≈≈≈≈......#
#≈≈≈≈.......# #
#≈≈≈........
≈#.#≈))@...#
#......))o...#
####.##..###.###.#
#.............#
###.####.######
... #.# .... #.#
#.###
.####.###.########
#.#..
#..........).#
#.#.#


You could see an orc priest.

Vanquished Creatures
  2 hounds
  3 gnolls (D:4)
  2 adders (D:4)
  A worm (D:2)
  A dart slug (D:3)
  3 orcs
  4 ball pythons
  7 bats
  4 endoplasms
  4 giant cockroaches
  11 goblins
  A quokka (D:1)
  5 frilled lizards
  6 kobolds
  4 rats
58 creatures vanquished.

Notes
Turn   | Place    | Note
-------+----------+-------------------------------------------
     0 | D:1      | Wiggles the Minotaur Berserker began the quest for the Orb.
     0 | D:1      | Reached XP level 1. HP: 19/19 MP: 0/0
   126 | D:1      | Reached XP level 2. HP: 21/27 MP: 1/1
   128 | D:1      | Reached skill level 4 in Axes
   511 | D:1      | Reached ** piety under Trog
   529 | D:1      | Found Xutak's General Store.
   637 | D:2      | Reached XP level 3. HP: 32/33 MP: 2/2
   697 | D:2      | Found a sparkling altar of Nemelex Xobeh.
  1071 | D:2      | Reached XP level 4. HP: 38/41 MP: 3/3
  2158 | D:3      | Found an iron altar of Okawaru.
  2158 | D:3      | Found a bloodstained altar of Trog.
  2269 | D:4      | Reached skill level 5 in Axes
  2353 | D:4      | Reached XP level 5. HP: 40/47 MP: 4/4
  2363 | D:4      | Killed from afar by an orc priest

Illustrated notes

Levels and vault maps discovered:
D:1:      erik_arrival_blinker_ship, layout_basic, serial_shops,
          nicolae_shop_hallway_stairs
D:2:      layout_loops_ring, basic_altar
D:3:      layout_basic, grunt_temple_overflow_bloody_war,
          amcnicky_mini_rare_corridor_liquid
D:4:      layout_basic, mainiacjoe_overflow_alcove_2, minmay_misc_feat_chi,
          grunt_decor_junction, minmay_shop_damaged

Skill      XL: |  1  2  3  4 |
---------------+-------------+-----
Fighting       | 4 |  4.7
Axes           | 4 5 |  5.2
Armour         | 3 |  3.4
Dodging        | 3 |  3.2
Stealth        | |  0.5

Action                     |  1- 3 |  4- 6 || total
---------------------------+-------+-------++-------
  Melee: Hand axe          |    75 |    44 ||   119
         Headbutt          |    12 |     9 ||    21
 Invoke: Berserk           |       |     1 ||     1
   Stab: Sleeping          |     1 |       ||     1
 Armour: Animal skin       |    13 |       ||    13
         Scale mail        |    13 |    19 ||    32
  Dodge: Dodged            |    40 |    30 ||    70
